 Dungeon Crawl Stone Soup version 0.31-a0-692-gf03d1854d5 (webtiles) character file.

Game seed: 2336935912254946216

180 qw the Shooter (level 5, -2/32 HPs)
             Began as a Gargoyle Hunter on Sept 6, 2023.
             Slain by an ogre
             ... wielding a +0 giant club
              (19 damage)
             ... on level 4 of the Dungeon.
             The game lasted 00:01:07 (2395 turns).

qw the Shooter (Gargoyle Hunter)                    Turns: 2395, Time: 00:01:07

Health: -2/32      AC: 14    Str: 14    XL:     5   Next: 60%
Magic:  19/19      EV: 10    Int: 10    God:
Gold:   121        SH:  0    Dex: 15    Spells: 4/4 levels left

rFire   + . .        Y - +1 shortbow
rCold   + . .        (shield currently unavailable)
rNeg    + + .        k - +0 ring mail
rPois   inf          f - +0 helmet
rElec   +            j - scarf {rC+ rF+}
rCorr   .            (no gloves)
SInv    .            (no boots)
Will    .....        a
                       - Hermit's Pendant {Faith Invo=14 Evo=0 MP+5}
Stlth   +            e - ring of positive energy
HPRegen 0.25/turn    g - +4 ring of protection
MPRegen 0.16/turn

%: faith
@: no status effects
A: sickness immunity, AC +4, negative energy resistance 1, electricity
resistance, torment resistance 1, petrification resistance
a: no special abilities


You were on level 4 of the Dungeon.
You visited 1 branch of the dungeon, and saw 4 of its levels.

You collected 121 gold pieces.


Innate Abilities, Weirdness & Mutations

You are immune to sickness and miasma.
Your stone body is resilient. (AC +4)
You are immune to poison.
You resist negative energy. (rN+)
You are resistant to electric shocks. (rElec)
You are resistant to unholy torment.
You are immune to petrification.


   Skills:
 + Level 3.5 Fighting
 - Level 6.0 Ranged Weapons
 - Level 1.1 Armour
 - Level 1.5 Dodging
 - Level 1.1 Stealth


You had 4 spell levels left.
You didn't know any spells.
Your spell library was empty.

Inventory:

Hand Weapons
 Y - a +1 shortbow (weapon)
Armour
 f - a +0 helmet (worn)
 j - a scarf of resistance (worn)
 k - a +0 ring mail (worn)
Jewellery
 a - the Hermit's Pendant (around neck) {Faith Invo=14 Evo=0 MP+5}
   (You found it on level 2 of the Dungeon)

   [amulet of faith]

   Invo=14: It sets your Invocations skill to 14.
   Evo=0: It sets your Evocations skill to 0.
   Faith:     It allows you to gain divine favour quickly.
   MP+5:      It affects your magic capacity (+5).
 d - an amulet of the acrobat
 e - a ring of positive energy (left hand)
 g - a +4 ring of protection (right hand)
Scrolls
 b - a scroll of identify
 c - a scroll of teleportation
Potions
 h - a potion of haste {unknown}
 i - a potion of ambrosia {unknown}
 l - a potion of resistance {unknown}
 n - a potion of attraction {unknown}

Dungeon Overview and Level Annotations

Branches:
Dungeon (4/15)
 Temple: D:4-7

Altars:


Message History

You open the door.
There is an open door here.
There is an open door here.
You open the door.
There is an open door here.
Found a ring mail.
You open the door.
Found 5 stones.
There is an open door here.
You now have 121 gold pieces (gained 11).
As you open the door, it creaks loudly!
There is an open door here.
You open the door.
There is an open door here.
Found a throwing net.
An adder comes into view.
You shoot an arrow. The adder hisses angrily.
The arrow hits the adder.
The adder is lightly wounded.
You shoot an arrow. The arrow hits the adder.
The adder is lightly wounded.
You shoot an arrow. The arrow barely misses the adder.
You shoot an arrow. The arrow hits the adder!
You kill the adder!
Found a stone staircase leading down.
As you open the door, it creaks loudly!
An endoplasm and an ogre come into view.
The ogre shouts!
Found 11 gold pieces.
You shoot an arrow. The arrow barely misses the ogre.
You shoot an arrow. The arrow hits the ogre.
The ogre is lightly wounded.
The ogre hits you with a +0 giant club!
You shoot an arrow. The arrow barely misses the ogre.
You shoot an arrow. The arrow hits the ogre.
The ogre is moderately wounded.
The ogre hits you with a +0 giant club!!
Ouch! That really hurt!
You die...

#.####.# ######.####.#
#...........# #..#.#..##..# ###
##....#..##..# ....
#.....#......# .....
##....#####..# ..#$..##..#.#
###..####
.###.JO@..#>###.......##
.$#...###.#............. .....
##+#####.......## .... ##..(##
#.......## ##########
##.....###.......## #..[....#
##.......##.........
###.###...####.........#........#
.............'.........'.......##
###.#.#...####.........####....#


You could see an ogre and an endoplasm.

Vanquished Creatures
  An orc priest (D:3)
  6 adders
  3 worms (D:2)
  2 dart slugs
  2 orcs (D:3)
  7 ball pythons
  7 endoplasms
  A giant cockroach (D:3)
  11 goblins
  9 hobgoblins
  7 jackals (D:3)
  5 kobolds
  3 quokkas
  3 bats
  4 frilled lizards
  4 rats
75 creatures vanquished.

Notes
Turn   | Place    | Note
-------+----------+-------------------------------------------
     0 | D:1      | qw the Gargoyle Hunter began the quest for the Orb.
     0 | D:1      | Reached XP level 1. HP: 12/12 MP: 1/1
     0 | D:1      | 0 ||| qw: Version: 0.3-a-76-g4403597
     0 | D:1      | 0 ||| qw: Game counter: 259
     0 | D:1      | 0 ||| qw: Melee chars always use a shield: true
     0 | D:1      | 0 ||| qw: God list: Okawaru
     0 | D:1      | 0 ||| qw: Allow faded altars: false
     0 | D:1      | 0 ||| qw: Do Orc after clearing Dungeon:15 true
     0 | D:1      | 0 ||| qw: Do second Lair branch before Depths: true
     0 | D:1      | 0 ||| qw: Lair rune preference: random
     0 | D:1      | 0 ||| qw: Goals: Normal
     0 | D:1      | 0 ||| PLANNING D:1-11
    60 | D:1      | Reached XP level 2. HP: 13/17 MP: 2/2
   377 | D:1      | Reached XP level 3. HP: 21/21 MP: 3/3
   395 | D:1      | Reached skill level 5 in Ranged Weapons
   485 | D:1      | 485 ||| UPGRADING to +0 helmet.
   490 | D:1      | 490 ||| UPGRADING to +0 ring mail.
   500 | D:1      | 500 ||| DROPPING +0 leather armour.
   501 | D:1      | 501 ||| UPGRADING to ring of positive energy.
   502 | D:1      | 502 ||| UPGRADING to +4 ring of protection.
   503 | D:1      | 503 ||| DROPPING +6 ring of intelligence.
   504 | D:1      | 504 ||| READING scroll labelled ENAREM ZASA.
   509 | D:1      | 509 ||| READING scroll labelled ANKEK VASK.
   510 | D:1      | 510 ||| READING scroll labelled ACWUPT QIRU.
   511 | D:1      | 511 ||| DROPPING scroll of butterflies.
   612 | D:2      | 612 ||| FLEEEEING.
   613 | D:2      | 613 ||| FLEEEEING.
   614 | D:2      | 614 ||| FLEEEEING.
   724 | D:2      | Reached skill level 1 in Armour
   765 | D:2      | 765 ||| READING scroll labelled BAKIUX NOHU.
   795 | D:2      | 795 ||| FLEEEEING.
   796 | D:2      | 796 ||| FLEEEEING.
   895 | D:2      | Found the Hermit's Pendant {Faith Invo=14 Evo=0 MP+5}
  1207 | D:2      | 1207 ||| UPGRADING to Hermit's Pendant {Faith Invo=14 Evo=0
                  | MP+5}.
  1299 | D:2      | 1299 ||| READING scroll labelled KIDDEE SAORE.
  1400 | D:2      | 1400 ||| READING scroll labelled PUSTRI JUAREKUMN.
  1401 | D:2      | 1401 ||| READING scroll labelled PUPRAU KUIH.
  1446 | D:3      | Reached XP level 4. HP: 26/27 MP: 13/13
  1462 | D:3      | Reached skill level 3 in Fighting
  1595 | D:3      | HP: 5/28 [orc/+0 club (4)]
  1727 | D:3      | Reached XP level 5. HP: 30/32 MP: 14/14
  1740 | D:3      | Found a faded altar of an unknown god.
  2028 | D:3      | Reached skill level 6 in Ranged Weapons
  2096 | D:3      | 2096 ||| UPGRADING to scarf of resistance.
  2101 | D:3      | 2101 ||| READING 2 scrolls labelled GOECOPPUCSO.
  2102 | D:3      | 2102 ||| READING scroll labelled KIUKIGE XUTICI.
  2103 | D:3      | 2103 ||| READING scroll labelled ARENKEFECS.
  2391 | D:4      | Noticed an ogre
  2395 | D:4      | Slain by an ogre

Levels and vault maps discovered:
D:1:      lightli_arrival_windingriver, layout_rooms, minmay_tetromino_l2
D:2:      layout_basic, serial_glass, glass_columns_a, glass_columns_a,
          glass_columns_c, glass_columns_a, glass_columns_a, glass_columns_a,
          glass_columns_a, glass_columns_b, glass_columns_b, glass_columns_c,
          glass_columns_b, glass_columns_c, glass_columns_b, glass_columns_c,
          item_on_display_a, minmay_strange_pillars, item_on_display_a
D:3:      layout_basic, shapermc_ecumenical_altar_venn
D:4:      layout_loops_corners, grunt_temple_overflow_growth_and_decay,
          kennysheep_generic_room_8

Skill      XL: |  1  2  3  4  5 |
---------------+----------------+-----
Ranged Weapons | 5 6 |  6.0
Armour         | 1 |  1.1
Fighting       | 3 |  3.5
Dodging        | |  1.5
Stealth        | |  1.1

Action                     |  1- 3 |  4- 6 || total
---------------------------+-------+-------++-------
   Fire: Shortbow          |   147 |   104 ||   251
    Use: Scroll            |     7 |     3 ||    10
 Armour: Leather armour    |    13 |       ||    13
         Ring mail         |    14 |    50 ||    64
  Dodge: Dodged            |    17 |    26 ||    43

Table legend:
 A = Non-vault XP
 B = Vault XP
 C = Vault XP percentage of total XP
 D = Non-vault monster count
 E = Vault monster count
 F = Vault count percentage of total count
                 A         B        C        D         E       F
            +---------+---------+-------+---------+---------+-------
      Total |     254 |       4 |   1.6 |      73 |       2 |   2.7
            +---------+---------+-------+---------+---------+-------
        D:1 |      37 |       4 |   9.8 |      22 |       2 |   8.3
        D:2 |      38 |       0 |   0.0 |      16 |       0 |   0.0
        D:3 |     136 |       0 |   0.0 |      30 |       0 |   0.0
        D:4 |      43 |       0 |   0.0 |       5 |       0 |   0.0
            +---------+---------+-------+---------+---------+-------
